 Dungeon Crawl Stone Soup version 0.23.2-40-g277498a001 (webtiles) character file.

Game seed: 14920682249708077769

131889 Kikorro the Peltast (level 17, 0/113 HPs)
             Began as a Gargoyle Fighter on Sept 9, 2019.
             Was the Champion of Okawaru.
             Slain by a wolf spider (3 damage)
             ... on level 2 of the Spider Nest on Sept 10, 2019.
             The game lasted 02:12:40 (29764 turns).

Kikorro the Peltast (Gargoyle Fighter)             Turns: 29764, Time: 02:12:40

Health: 0/113      AC: 12    Str: 26    XL:     17   Next: 11%
Magic:  19/19      EV: 15    Int: 10    God:    Okawaru [******]
Gold:   2652       SH: 15    Dex: 13    Spells: 16/16 levels left

rFire    + + +     SeeInvis +   R - +2 flail (drain)
rCold    . . .     Gourm    .   T - +1 shield {AC+3}
rNeg     + + +     Faith    .   q - +7 fire dragon scales "Wutrub" {rElec rPois rF++ rC- Int-3}
rPois    ∞         Spirit   .   L - +2 helmet {SInv}
rElec    +         Reflect  .   S - scarf {rC+ rF+}
rCorr    .         Harm     .   O - +1 pair of gloves "Wooddig" {rN+ Int+3 SInv}
MR       +....                  t - +2 pair of boots {Fly}
Stlth    +.........             b - amulet of regeneration
HPRegen  0.68/turn              C - ring of positive energy
MPRegen  0.16/turn              Y - +4 ring of dexterity

@: corroded, flying, studying Bows
A: big wings, negative energy resistance 1, electricity resistance, unbreathing,
petrification resistance, rot immunity, AC +12
a: Stop Flying, Heroism, Finesse, Renounce Religion


You were on level 2 of the Spider Nest.
You worshipped Okawaru.
Okawaru was exalted by your worship.
You were not hungry.

You visited 5 branches of the dungeon, and saw 26 of its levels.
You also visited: Ice Cave and Volcano.

You collected 2742 gold pieces.
You spent 90 gold pieces at shops.

Inventory:

Hand Weapons
 r - the +8 shortbow "Kebuut" {flame, rF+}
   (You found it in an ice cave)

   It causes projectiles fired from it to burn those they strike, causing extra
   injury to most foes and up to half again as much damage against particularly
   susceptible opponents.
   It protects you from fire.
 R - a +2 flail of draining (weapon)
Missiles
 B - 520 arrows
Armour
 q - the +7 fire dragon scales "Wutrub" (worn) {rElec rPois rF++ rC- Int-3}
   (You found it in a volcano)

   It affects your intelligence (-3).
   It greatly protects you from fire.
   It makes you vulnerable to cold.
   It insulates you from electricity.
   It protects you from poison.
 t - a +2 pair of boots of flying (worn)
 w - a +0 hat of magic resistance
 y - a +1 hat
 A - a +3 chain mail of cold resistance
 L - a +2 helmet of see invisible (worn)
 O - the +1 pair of gloves "Wooddig" (worn) {rN+ Int+3 SInv}
   (Okawaru gifted it to you on level 2 of the Orcish Mines)

   It affects your intelligence (+3).
   It protects you from negative energy.
   It lets you see invisible.
 S - a scarf of resistance (worn)
 T - a +1 shield of protection (worn)
Jewellery
 a - an uncursed ring of protection from cold
 b - an amulet of regeneration (around neck)
 u - a +6 ring of intelligence
 C - a ring of positive energy (left hand)
 F - an uncursed ring of protection from fire
 U - an uncursed ring of magical power
 Y - a +4 ring of dexterity (right hand)
Wands
 k - a wand of flame (81)
 o - a wand of iceblast (8)
 D - a wand of digging (15)
Scrolls
 c - 3 scrolls of torment {unknown}
 g - 2 scrolls of fear {unknown}
 h - 15 scrolls of teleportation
 i - 6 scrolls of enchant weapon {unknown}
 j - 6 scrolls of magic mapping
 l - 13 scrolls of remove curse
 n - 3 scrolls of blinking {unknown}
 v - 3 scrolls of fog {unknown}
 G - a scroll of brand weapon {unknown}
 H - a scroll of identify
 I - 3 scrolls of enchant armour
 P - 2 scrolls of summoning
 W - a scroll of acquirement {unknown}
 X - 2 scrolls of silence
Potions
 d - 5 potions of might
 e - 2 potions of berserk rage
 m - 17 potions of curing
 z - 2 potions of ambrosia
 E - 3 potions of heal wounds
 J - 2 potions of agility
 K - 8 potions of haste
 Q - a potion of magic
 Z - a potion of invisibility
Books
 x - a manual of Bows
Miscellaneous
 p - a lamp of fire
 s - a phantom mirror
 M - a phial of floods
 V - a fan of gales
Comestibles
 f - 30 rations
 N - 2 chunks of flesh


   Skills:
 + Level 15.2 Fighting
 - Level 14.1 Maces & Flails
 * Level 11.8 Bows
 - Level 12.4 Armour
 + Level 9.2 Dodging
 + Level 3.2 Stealth
 - Level 15.3 Shields
 + Level 2.3 Invocations
 * Level 2.9 Evocations


You had 16 spell levels left.
You didn't know any spells.
Your spell library contained the following spells:

 Spells                   Type           Power        Failure   Level  Hunger
 Corona                   Hex            #......      63%         1    ##.....
 Flame Tongue             Conj/Fire      #....        63%         1    ##.....
 Sting                    Conj/Pois      #...         63%         1    ##.....
 Corpse Rot               Necr           N/A          77%         2    ###....
 Ensorcelled Hibernation  Hex/Ice        #.....       77%         2    ###....
 Passwall                 Tmut/Erth      #.......     77%         2    ###....
 Poisonous Vapours        Pois/Air       #.....       77%         2    ###....
 Swiftness                Chrm/Air       #.......     77%         2    ###....
 Throw Flame              Conj/Fire      #.....       77%         2    ###....
 Confuse                  Hex            #.......     94%         3    ####...
 Conjure Flame            Conj/Fire      #.......     94%         3    ####...
 Dazzling Spray           Conj/Hex       #.....       94%         3    ####...
 Inner Flame              Hex/Fire       #.......     94%         3    ####...
 Mephitic Cloud           Conj/Pois/Air  #.......     94%         3    ####...
 Tukima's Dance           Hex            #.......     94%         3    ####...
 Olgreb's Toxic Radiance  Pois           #.......     100%        4    #####..
 Passage of Golubria      Tloc           N/A          100%        4    #####..
 Sticky Flame             Conj/Fire      #.......     100%        4    #####..
 Agony                    Necr           #.......     100%        5    ######.
 Bolt of Draining         Conj/Necr      #.........   100%        5    ######.
 Dispel Undead            Necr           #.......     100%        5    ######.
 Excruciating Wounds      Chrm/Necr      #.........   100%        5    ######.
 Fireball                 Conj/Fire      #.........   100%        5    ######.
 Lee's Rapid Deconstruct  Erth           #.........   100%        5    ######.
 Venom Bolt               Conj/Pois      #.........   100%        5    ######.
 Darkness                 Hex            #.........   100%        6    #######
 Freezing Cloud           Conj/Ice/Air   #.........   100%        6    #######
 Invisibility             Hex            #.......     100%        6    #######
 Ring of Flames           Chrm/Fire      #.........   100%        7    #######
 Sublimation of Blood     Necr           Unusable     N/A         2    N/A

Dungeon Overview and Level Annotations

Branches:
Dungeon (15/15) Temple (1/1) D:6 Lair (6/6) D:11 Shoals (0/4) Lair:2 Spider (2/4) Lair:4 Slime (0/5) Lair:6 Orc (2/2) D:9 Elf (0/3) Orc:2 Vaults (0/5) D:13 D:14 Depths (0/5) D:15

Altars:
Ashenzari
Cheibriados
Dithmenos
Elyvilon
Fedhas
Gozag
Hepliaklqana
Kikubaaqudgha
Makhleb
Nemelex Xobeh
Okawaru
Qazlal
Ru
Sif Muna
Trog
Uskayaw
Vehumet
Wu Jian
Xom
Yredelemnul
Zin
The Shining One
Beogh
Jiyva

Shops:
D:7 ?   Orc:2 :[?(

Annotations:
D:7 3 runed translucent doors, Tommers's ghost, novice DECj
D:10 1 runed translucent door, NeAGen181's ghost, journeyman HOFi


Innate Abilities, Weirdness & Mutations

You are resistant to torment.
Your stone body is resilient. (AC +12)
You are immune to poison.
Your large and strong wings let you fly indefinitely.
You resist negative energy. (rN+)
You are resistant to electric shocks. (rElec)
You can survive without breathing.
You are immune to petrification.
You are immune to rotting.


Message History

You see here a jumping spider corpse.
The redback bites you!
* * * LOW HITPOINT WARNING * * *
The wolf spider misses you. You block the wolf spider's attack.
You see here a wand of random effects (20).
Your fire dragon scales "Wutrub" prevents you from hitting the redback.
You block the redback's attack. The jumping spider barely misses you.
The jumping spider bites you.
* * * LOW HITPOINT WARNING * * *
The wolf spider hits you!
* * * LOW HITPOINT WARNING * * *
The wolf spider bites you but does no damage.
The wolf spider hits you but does no damage.
The wolf spider barely misses you. You block the wolf spider's attack.
The wolf spider bites you!
* * * LOW HITPOINT WARNING * * *
The wolf spider hits you.
* * * LOW HITPOINT WARNING * * *
The wolf spider bites you.
You die...

#..## ......... #######...##
### .......
..##..........###<#####...^.
..##.........#....#.....#
.^##.......##.........#
..#####...#.........## ##
..#.....s##........#
##.##.#.....ss##ss..#..#
....#.#....#.ass@s..####
.^.......s.##.ass...#
...........#....#...#
.#.##.#..#.#.#..##.## a..
#.#.a########### .a
#.#...^..# ^^ #.#......# #
##s#..#a..## ##.^#..#....#
#####


You could see 2 entropy weavers, 5 wolf spiders, a jumping spider, a tarantella
and 2 redbacks.

Vanquished Creatures
  Rupert (D:13)
  Asterion (Spider:1)
  A fire giant (D:15)
  A ghost moth (Spider:2)
  An emperor scorpion (Spider:1)
  3 entropy weavers
  A spark wasp (Spider:1)
  Snorg (Orc:2)
  Josephine (Spider:1)
  The ghost of Hylith the Geomancer, a journeyman GrEE of Vehumet (Lair:2)
  3 ogre magi
  Fannar (D:12)
  Erolcha (Orc:2)
  2 rakshasas
  2 catoblepae
  3 ghost crabs (Lair:5)
  9 two-headed ogres
  3 hydras
  A dancing weapon (Volcano)
  3 centaur warriors
  A death knight (D:14)
  A tengu warrior (D:15)
  Urug (D:14)
  An orc high priest (Orc:1)
  Nergalle (Orc:2)
  5 skeletal warriors (D:14)
  5 fire crabs (Lair:5)
  5 wizards (Volcano)
  4 orb spiders
  A cyclops (D:13)
  4 manticores
  A necromancer (IceCv)
  18 wolf spiders
  A deep elf mage (D:12)
  8 orc sorcerers
  6 ugly things
  11 black mambas
  Maurice (D:12)
  6 elephants (Lair:3)
  An apocalypse crab (Lair:5)
  3 merfolk sirens (Lair:2)
  5 toenail golems (Volcano)
  4 ice statues (IceCv)
  2 torpor snails
  A guardian serpent (Lair:6)
  An efreet (D:14)
  9 spiny frogs
  3 gargoyles
  6 komodo dragons
  2 rime drakes
  4 freezing wraiths
  A kobold demonologist (D:15)
  2 demonic crawlers (Lair:4)
  A komodo dragon (shapeshifter) (D:14)
  11 ice devils (IceCv)
  A harpy zombie (D:14)
  A merfolk (Lair:2)
  8 jumping spiders
  A polar bear (Lair:4)
  4 trolls
  3 meliai (D:15)
  9 hornets
  A meliai zombie (D:14)
  Grinder (D:3)
  6 dream sheep
  12 slime creatures
  9 blink frogs
  14 hippogriffs
  4 shadows
  27 redbacks
  5 wraiths
  9 wyverns
  A yak (shapeshifter) (D:14)
  9 tarantellas
  48 yaks
  Sigmund (D:5)
  2 vampires
  15 humans
  4 hungry ghosts
  2 basilisks (Lair:4)
  Menkaure (D:6)
  A warg (Orc:1)
  2 acid dragons
  2 soldier ants
  27 water moccasins
  Duvessa (D:5)
  17 orc warriors
  8 porcupines
  4 black bears
  2 phantoms
  5 ice beasts
  5 sky beasts
  9 centaurs
  18 ogres
  3 wolves (Lair:3)
  11 crocodiles
  A big kobold (D:15)
  Blork the orc (D:4)
  18 bullfrogs
  2 gnoll sergeants
  A wyvern zombie (D:6)
  12 scorpions
  Dowan (D:5)
  17 killer bees
  3 wights (D:13)
  3 howler monkeys
  2 electric eels
  2 crimson imps
  A bullfrog zombie (D:7)
  A quasit (D:12)
  A draconian simulacrum (IceCv)
  6 hounds
  2 centaur zombies
  7 jellies
  18 orc priests
  A bullfrog skeleton (D:13)
  7 centaur skeletons
  An iron imp (D:8)
  Jessica (D:2)
  Terence (D:3)
  Natasha (thrice) (D:2)
  2 iguanas
  9 worker ants
  42 orc wizards
  3 troll simulacra (IceCv)
  A centaur simulacrum (IceCv)
  A hound zombie (D:10)
  3 hound skeletons
  Robin (D:4)
  A howler monkey skeleton (D:4)
  A howler monkey zombie (D:11)
  2 worker ant zombies (D:11)
  13 gnolls
  2 naga simulacra (IceCv)
  13 adders
  3 ogre simulacra (IceCv)
  6 shadow imps
  2 oozes
  2 adder skeletons
  4 worms
  A dart slug (D:1)
  4 leopard geckos
  65 orcs
  4 bats
  7 giant cockroaches
  16 goblins
  17 hobgoblins
  14 jackals
  7 kobolds
  4 quokkas
  3 frilled lizards
  A jackal skeleton (D:5)
  A quokka zombie (D:10)
  7 rats
  A spectral orc (D:2)
866 creatures vanquished.

Vanquished Creatures (others)
  A human (D:14)
  5 fungi
  3 plants (Lair:6)
9 creatures vanquished.

Grand Total: 875 creatures vanquished

Notes
Turn   | Place    | Note
-------+----------+-------------------------------------------
     0 | D:1      | Kikorro the Gargoyle Fighter began the quest for the Orb.
     0 | D:1      | Reached XP level 1. HP: 14/14 MP: 1/1
    83 | D:1      | Reached XP level 2. HP: 17/19 MP: 2/2
   428 | D:1      | Reached XP level 3. HP: 23/23 MP: 3/3
  1042 | D:2      | Reached XP level 4. HP: 28/28 MP: 4/4
  1110 | D:2      | Noticed Jessica
  1112 | D:2      | Killed Jessica
  1412 | D:2      | Noticed Natasha
  1419 | D:2      | Killed Natasha
  1419 | D:2      | Reached XP level 5. HP: 32/33 MP: 5/5
  1420 | D:2      | Found a faded altar of an unknown god.
  1499 | D:2      | Noticed Natasha
  1518 | D:2      | Killed Natasha
  1593 | D:2      | Noticed Natasha
  1606 | D:2      | Killed Natasha
  1961 | D:2      | Found a basalt altar of Yredelemnul.
  2008 | D:3      | Noticed Terence
  2015 | D:3      | Killed Terence
  2028 | D:3      | Reached XP level 6. HP: 34/38 MP: 6/6
  2227 | D:3      | Found a shimmering altar of Xom.
  2280 | D:3      | Noticed Grinder
  2281 | D:3      | Paralysed by Grinder for 4 turns
  2305 | D:3      | Killed Grinder
  2305 | D:3      | Reached skill level 5 in Armour
  2305 | D:3      | Reached skill level 1 in Dodging
  2305 | D:3      | Reached XP level 7. HP: 40/42 MP: 7/7
  2424 | D:3      | Reached skill level 5 in Shields
  2880 | D:4      | Noticed Robin
  2924 | D:4      | Killed Robin
  3211 | D:4      | Reached skill level 5 in Maces & Flails
  3535 | D:4      | Found a radiant altar of Vehumet.
  3536 | D:4      | Found a burning altar of Makhleb.
  3609 | D:4      | Found a bloodstained altar of Trog.
  3609 | D:4      | Found a hide-covered altar of Uskayaw.
  3718 | D:5      | Entered Level 5 of the Dungeon
  3788 | D:5      | Noticed Blork the orc
  3824 | D:5      | HP: 1/42 [something/puff of flame (8)]
  3834 | D:4      | Killed Blork the orc
  3834 | D:4      | Reached XP level 8. HP: 24/48 MP: 8/8
  4032 | D:5      | Noticed Sigmund
  4038 | D:5      | Killed Sigmund
  4113 | D:5      | Noticed Dowan
  4114 | D:5      | Noticed Duvessa
  4142 | D:5      | Killed Dowan
  4148 | D:5      | Killed Duvessa
  5140 | D:6      | Noticed Menkaure
  5155 | D:6      | Found a staircase to the Ecumenical Temple.
  5168 | Temple   | Entered the Ecumenical Temple
  5208 | Temple   | Reached XP level 9. HP: 47/52 MP: 9/9
  5246 | Temple   | Became a worshipper of Warmaster Okawaru
  5275 | Temple   | HP: 1/52 [orc priest/nerve-wracking pain (6)]
  5283 | Temple   | HP: 2/52 [kobold/wand of flame (6) (8)]
  5588 | D:6      | Found a radiant altar of Vehumet.
  5596 | D:6      | Killed Menkaure
  6181 | D:7      | Reached * piety under Okawaru
  6326 | D:7      | Reached skill level 5 in Fighting
  6804 | D:7      | Noticed Tommers's ghost (novice DECj)
  6805 | D:7      | Found a runed translucent gate.
  6805 | D:7      | Found a runed translucent gate.
  6805 | D:7      | Found a runed translucent gate.
  6883 | D:7      | Found a deep blue altar of Sif Muna.
  6914 | D:7      | Reached ** piety under Okawaru
  7075 | D:7      | Reached XP level 10. HP: 50/59 MP: 10/10
  7195 | D:7      | Found Wayneh's Magic Scroll Shoppe.
  7198 | D:7      | Bought a scroll of enchant armour for 90 gold pieces
  8007 | D:8      | Reached *** piety under Okawaru
  8172 | D:8      | Found a stormy altar of Qazlal.
  8475 | D:8      | Found a snail-covered altar of Cheibriados.
  8947 | D:9      | Found a staircase to the Orcish Mines.
  8989 | D:9      | Reached skill level 1 in Stealth
  9713 | Orc:1    | Entered Level 1 of the Orcish Mines
  9723 | Orc:1    | Noticed an orc high priest
  9742 | Orc:1    | Killed an orc high priest
  9742 | Orc:1    | Reached skill level 10 in Maces & Flails
  9742 | Orc:1    | Reached skill level 10 in Shields
  9742 | Orc:1    | Reached XP level 11. HP: 37/66 MP: 8/11
  9989 | Orc:1    | Reached **** piety under Okawaru
 10050 | Orc:1    | Noticed an orc sorcerer
 10082 | Orc:1    | Killed an orc sorcerer
 10139 | Orc:2    | Entered Level 2 of the Orcish Mines
 10177 | Orc:2    | Found a staircase to the Elven Halls.
 10445 | Orc:2    | Noticed an orc sorcerer
 10456 | Orc:2    | Paralysed by an orc sorcerer for 2 turns
 10467 | Orc:2    | Killed an orc sorcerer
 10525 | Orc:2    | Noticed an orc sorcerer
 10547 | Orc:2    | Paralysed by an orc sorcerer for 7 turns
 10560 | Orc:2    | Killed an orc sorcerer
 10830 | Orc:2    | Found Paozxy's Magic Scroll Boutique.
 10842 | Orc:2    | Noticed an orc sorcerer
 10844 | Orc:2    | Paralysed by an orc sorcerer for 5 turns
 10849 | Orc:2    | Noticed an orc sorcerer
 10853 | Orc:2    | Noticed a sun demon
 10858 | Orc:2    | Paralysed by an orc sorcerer for 2 turns
 10860 | Orc:2    | Noticed a soul eater
 10894 | Orc:2    | Paralysed by an orc sorcerer for 3 turns
 10898 | Orc:2    | Killed an orc sorcerer
 11059 | Orc:2    | Noticed Snorg
 11083 | Orc:2    | Killed Snorg
 11185 | Orc:2    | Reached ***** piety under Okawaru
 11638 | Orc:2    | Found a radiant altar of Vehumet.
 11639 | Orc:2    | Noticed an orc sorcerer
 11639 | Orc:2    | Noticed Erolcha
 11646 | Orc:2    | Noticed an orc sorcerer
 11648 | Orc:2    | Killed an orc sorcerer
 11654 | Orc:2    | Killed Erolcha
 11654 | Orc:2    | Received a gift from Okawaru
 11659 | Orc:2    | Noticed a sixfirhy
 11841 | Orc:2    | Noticed a soul eater
 11853 | Orc:2    | Killed an orc sorcerer
 11994 | Orc:2    | Found Omivep's Antique Armour Boutique.
 12002 | Orc:2    | Noticed Nergalle
 12005 | Orc:2    | Reached skill level 1 in Invocations
 12022 | Orc:2    | Killed an orc sorcerer
 12036 | Orc:2    | Killed Nergalle
 12036 | Orc:2    | Reached XP level 12. HP: 58/73 MP: 12/12
 12238 | Orc:2    | Noticed an ogre mage
 12348 | Orc:2    | Found a roughly hewn altar of Beogh.
 12348 | Orc:2    | Found Gotamey's Antique Weapon Shop.
 12370 | Orc:2    | Killed an ogre mage
 12370 | Orc:2    | Received a gift from Okawaru
 12373 | Orc:2    | Got a pair of smoking gloves {god gift}
 12384 | Orc:2    | Identified the +1 pair of gloves "Wooddig" {rN+ Int+3 SInv}
                  | (Okawaru gifted it to you on level 2 of the Orcish Mines)
 12386 | Orc:2    | Found Estroghawk's Book Boutique.
 12410 | Orc:2    | Found an ancient bone altar of Kikubaaqudgha.
 12842 | D:10     | Entered Level 10 of the Dungeon
 13008 | D:10     | Found a runed translucent door.
 13010 | D:10     | Noticed NeAGen181's ghost (journeyman HOFi)
 13647 | D:10     | You are sucked into a shaft for 2 floors!
 13930 | D:11     | Noticed a six-headed hydra
 13935 | D:11     | Killed a six-headed hydra
 14171 | D:11     | Found a sparkling altar of Nemelex Xobeh.
 14335 | D:11     | Noticed a two-headed ogre
 14357 | D:10     | Killed a two-headed ogre
 14847 | D:11     | Found a staircase to the Lair.
 14957 | D:11     | Noticed a two-headed ogre
 14967 | D:11     | Killed a two-headed ogre
 14988 | D:11     | Found a shimmering altar of Xom.
 15088 | Lair:1   | Entered Level 1 of the Lair of Beasts
 15217 | Lair:1   | Reached XP level 13. HP: 72/80 MP: 14/14
 15724 | Lair:1   | Reached skill level 10 in Armour
 16251 | Lair:2   | Found a dark tunnel.
 16264 | Volcano  | Entered a volcano
 16528 | Volcano  | Got twisted fire dragon scales
 16540 | Volcano  | Identified the +7 fire dragon scales "Wutrub" {rElec rPois
                  | rF++ rC- Int-3} (You found it in a volcano)
 16736 | Lair:2   | Reached skill level 10 in Fighting
 16745 | Lair:2   | Found a staircase to the Shoals.
 17257 | Lair:2   | Received a gift from Okawaru
 17257 | Lair:2   | Reached skill level 5 in Dodging
 17348 | Lair:2   | Reached ****** piety under Okawaru
 17542 | Lair:3   | Found a frozen archway.
 17551 | IceCv    | Entered an ice cave
 18073 | IceCv    | Gained mutation: Your large and strong wings let you fly
                  | indefinitely. [Gargoyle growth]
 18073 | IceCv    | Reached XP level 14. HP: 36/88 MP: 15/15
 18158 | IceCv    | Got an ancient shortbow
 18522 | Lair:3   | Found a runed translucent gate.
 18996 | Lair:3   | Found a runed translucent gate.
 18996 | Lair:3   | Noticed Hylith's ghost (journeyman GrEE)
 18997 | Lair:3   | Found a runed translucent gate.
 19061 | Lair:3   | Found a viscous altar of Jiyva.
 19149 | Lair:2   | Killed Hylith's ghost
 19576 | Lair:4   | Reached skill level 1 in Bows
 19579 | Lair:4   | Found a shimmering altar of Xom.
 19729 | Lair:4   | Found a hole to the Spider Nest.
 20150 | Lair:4   | Received a gift from Okawaru
 20647 | Lair:5   | Found a runed translucent door.
 21077 | Lair:5   | Noticed an entropy weaver
 21097 | Lair:5   | Killed an entropy weaver
 21097 | Lair:5   | Reached skill level 15 in Shields
 21186 | Lair:5   | Reached skill level 5 in Bows
 21241 | Lair:5   | Noticed an entropy weaver
 21259 | Lair:5   | Killed an entropy weaver
 21266 | Lair:5   | Paralysed by you for 6 turns
 21290 | Lair:5   | Paralysed by you for 5 turns
 21409 | Lair:6   | Entered Level 6 of the Lair of Beasts
 21492 | Lair:5   | Reached XP level 15. HP: 25/96 MP: 16/16
 21669 | Lair:6   | Received a gift from Okawaru
 21870 | Lair:6   | Received a gift from Okawaru
 21879 | Lair:6   | Identified the +8 shortbow "Kebuut" {flame, rF+} (You found
                  | it in an ice cave)
 22619 | Lair:6   | Found a viscous altar of Jiyva.
 22619 | Lair:6   | Found a staircase to the Slime Pits.
 23079 | D:12     | Noticed Fannar
 23115 | D:12     | Killed Fannar
 23691 | D:12     | Noticed Maurice
 23700 | D:12     | Killed Maurice
 24067 | D:13     | Received a gift from Okawaru
 25017 | D:14     | Found a gate to the Vaults.
 25017 | D:14     | Noticed Rupert
 25017 | D:14     | Noticed Urug
 25075 | D:13     | Killed Rupert
 25267 | D:14     | Killed Urug
 25788 | D:14     | Reached XP level 16. HP: 96/104 MP: 17/17
 25866 | D:14     | Received a gift from Okawaru
 26440 | D:15     | Entered Level 15 of the Dungeon
 26488 | D:15     | Reached skill level 10 in Bows
 26530 | D:15     | Found a staircase to the Depths.
 26780 | D:15     | Found a glowing golden altar of the Shining One.
 27582 | D:15     | Received a gift from Okawaru
 27893 | Spider:1 | Entered Level 1 of the Spider Nest
 28099 | Spider:1 | Reached skill level 1 in Evocations
 28126 | Spider:1 | Noticed Asterion
 28150 | Spider:1 | Killed Asterion
 28150 | Spider:1 | Received a gift from Okawaru
 28251 | Spider:1 | Noticed Josephine
 28293 | Spider:1 | Killed Josephine
 28293 | Spider:1 | Received a gift from Okawaru
 29075 | Spider:1 | Reached skill level 15 in Fighting
 29321 | Spider:2 | Reached XP level 17. HP: 90/113 MP: 18/18
 29764 | Spider:2 | HP: 3/113 [wolf spider (3)]
 29764 | Spider:2 | Slain by a wolf spider

Skill      XL: |  1  2  3  4  5  6  7  8  9 10 11 12 13 14 15 16 |
---------------+-------------------------------------------------+-----
Armour         | 4 5 6 7 8 9 10 11 12 | 12.4
Maces & Flails | 3 4 5 6 8 10 11 12 14 | 14.1
Shields        | 4 6 7 8 10 11 12 13 15 | 15.3
Dodging        | 1 2 3 4 5 7 9 |  9.2
Fighting       | 4 5 6 7 9 10 11 13 15 | 15.2
Stealth        | 1 2 3 |  3.2
Invocations    | 1 2 |  2.3
Bows           | 5 9 11 | 11.8
Evocations     | 2 |  2.9

Action                   |  1- 3 |  4- 6 |  7- 9 | 10-12 | 13-15 | 16-18 || total
-------------------------+-------+-------+-------+-------+-------+-------++-------
Melee: Flail             |   110 |   215 |   564 |  1103 |  2198 |  1039 ||  5229
 Fire: Shortbow          |       |       |       |       |    12 |       ||    12
Invok: Heroism           |       |       |       |    10 |    10 |     5 ||    25
Evoke: Phial of floods   |       |       |       |       |     1 |       ||     1
  Use: Scroll            |     5 |       |     3 |     4 |     9 |     4 ||    25
       Potion            |       |       |     2 |       |     1 |       ||     3
 Stab: Petrified         |       |       |       |       |       |     2 ||     2
  Eat: Chunk             |     1 |     4 |    13 |    31 |    23 |     9 ||    81
       Ration            |       |       |     1 |     4 |     4 |     2 ||    11
Armor: Scale mail        |    73 |       |       |       |       |       ||    73
       Chain mail        |       |   130 |   356 |   537 |   144 |       ||  1167
       Plate armour      |       |       |       |       |   313 |       ||   313
       Fire dragon scale |       |       |       |       |   587 |   576 ||  1163
Dodge: Dodged            |    35 |    42 |   162 |   319 |   764 |   491 ||  1813
Block: Shield            |    67 |   106 |   363 |   697 |  1558 |   853 ||  3644
